 Dungeon Crawl Stone Soup version 0.31-a0-161-gb58dd9be76 (webtiles) character file.

Game seed: 16963335657537902681

367 ryw the Trooper (level 6, -2/52 HPs)
             Began as a Demonspawn Monk on June 13, 2023.
             Was a Priest of Sif Muna.
             Slain by Dowan
             ... wielding a +0 dagger
              (5 damage)
             ... on level 5 of the Dungeon.
             The game lasted 00:05:15 (3400 turns).

ryw the Trooper (Demonspawn Monk)                   Turns: 3400, Time: 00:05:15

Health: -2/52      AC:  4    Str: 13    XL:     6   Next: 41%
Magic:  8/8        EV: 13    Int: 11    God:    Sif Muna [***...]
Gold:   280        SH:  0    Dex: 16    Spells: 8/8 levels left

rFire   . . .        i - +0 whip
rCold   . . .        c - orb {light}
rNeg    . . .        a - +0 robe
rPois   .            (no helmet)
rElec   .            q - +0 cloak
rCorr   .            l - +0 pair of gloves
SInv    .            (no boots)
Will    .....        (no amulet)
Stlth   +            (no ring)
HPRegen 0.28/turn    (no ring)
MPRegen 0.11/turn

%: no passive effects
@: glowing
A: spiny 1, demonic magic 1
a: Renounce Religion, Channel Magic, Forget Spell


You were on level 5 of the Dungeon.
You worshipped Sif Muna.
Sif Muna was most pleased with you.
You visited 1 branch of the dungeon, and saw 5 of its levels.
You also visited: Sewer.

You collected 280 gold pieces.

Inventory:

Hand Weapons
 i - a +0 whip (weapon)
 B - a +0 long sword
Missiles
 b - 8 poisoned darts
 k - 5 boomerangs (quivered)
Armour
 a - a +0 robe (worn)
 c - an orb of light (worn)
 l - a +0 pair of gloves (worn)
 q - a +0 cloak (worn)
 s - a +0 buckler
Wands
 y - a wand of polymorph (8)
Scrolls
 e - 2 scrolls of fog {unknown}
 j - 3 scrolls of identify {unknown}
 m - 3 scrolls of teleportation {unknown}
 n - a scroll of poison {unknown}
 o - 2 scrolls of immolation {unknown}
 p - a scroll of amnesia {unknown}
 t - a scroll of blinking {unknown}
 u - 2 scrolls of vulnerability {unknown}
 v - a scroll of noise {unknown}
Potions
 d - a potion of might {unknown}
 f - 2 potions of brilliance {unknown}
 g - 2 potions of resistance {unknown}
 h - a potion of lignification {unknown}
 r - 2 potions of ambrosia
 w - 2 potions of curing
 x - a potion of haste {unknown}
 z - a potion of berserk rage {unknown}
 A - a potion of degeneration {unknown}


   Skills:
 - Level 6.2 Fighting
 + Level 3.5 Dodging
 - Level 3.0 Unarmed Combat
 + Level 1.8 Spellcasting


You had 8 spell levels left.
You didn't know any spells.
Your spell library was empty.

Dungeon Overview and Level Annotations

Branches:
Dungeon (5/15)             Temple (0/1) D:4           Sewer (visited)

Altars:
Ru
Sif Muna
Uskayaw

Shops:
D:4 (

Annotations:
D:4 Edmund
D:5 Dowan, Duvessa


Innate Abilities, Weirdness & Mutations

You are partially covered in sharp spines.
Spells you cast may paralyse adjacent enemies.


Message History

Duvessa hits you with a +0 short sword. Dowan closely misses you.
You hit Duvessa but do no damage.
Duvessa is lightly wounded.
Duvessa barely misses you. Dowan is struck by your spines.
Dowan closely misses you.
You hit Duvessa but do no damage.
Duvessa is lightly wounded.
Duvessa misses you. Dowan hits you with a +0 dagger.
You hit Duvessa.
Duvessa is lightly wounded.
Duvessa misses you. Dowan closely misses you. Duvessa is struck by your spines.
Duvessa barely misses you.
Dowan gestures at Duvessa while chanting.
Duvessa seems to speed up.
You hit Duvessa but do no damage.
Duvessa is moderately wounded.
Duvessa hits you with a +0 short sword! Dowan gestures at you while chanting.
The puff of frost hits you.
You hit Duvessa.
Duvessa is moderately wounded.
Duvessa completely misses you. Duvessa hits you with a +0 short sword!
Dowan is struck by your spines. Dowan hits you with a +0 dagger.
Duvessa says, "Where magic fails, the sword succeeds!"
Duvessa hits you but does no damage. Dowan casts a spell at you.
The puff of flame hits you!
* * * LOW HITPOINT WARNING * * *
You climb downwards.
Found 6 gold pieces.
There is a stone staircase leading up here.
Unknown command.
You hit Duvessa but do no damage.
Duvessa is moderately wounded.
Duvessa hits you with a +0 short sword.
* * * LOW HITPOINT WARNING * * *
Duvessa hits you with a +0 short sword!
* * * LOW HITPOINT WARNING * * *
Dowan hits you with a +0 dagger.
You die...

#########
#......e#
#......@#
#......e#
........#
#.......#
........#
#.......#
####..###
..$


You could see Duvessa (fast) and Dowan.

Vanquished Creatures
  A hound (D:4)
  Terence (D:2)
  Jessica (D:2)
  Natasha (D:2)
  2 orc wizards (D:3)
  10 adders
  A river rat (Sewer)
  An ufetubus (D:4)
  2 worms
  2 dart slugs
  7 orcs (D:3)
  7 ball pythons
  2 bats
  3 endoplasms
  A giant cockroach (D:2)
  4 goblins
  12 hobgoblins
  3 jackals (D:2)
  5 quokkas
  8 frilled lizards
  8 kobolds
  15 rats
97 creatures vanquished.

Notes
Turn   | Place    | Note
-------+----------+-------------------------------------------
     0 | D:1      | ryw the Demonspawn Monk began the quest for the Orb.
     0 | D:1      | Reached XP level 1. HP: 18/18 MP: 1/1
   272 | D:1      | Gained mutation: You are partially covered in sharp spines.
                  | [demonic ancestry]
   272 | D:1      | Reached XP level 2. HP: 21/24 MP: 2/2
   864 | D:2      | Noticed Natasha
   912 | D:2      | Killed Natasha
   913 | D:2      | Reached skill level 4 in Fighting
   913 | D:2      | Reached XP level 3. HP: 30/30 MP: 3/3
  1154 | D:2      | Gained mutation: Spells you cast may paralyse adjacent
                  | enemies. [demonic ancestry]
  1154 | D:2      | Reached XP level 4. HP: 38/38 MP: 4/4
  1198 | D:2      | Noticed Terence
  1214 | D:2      | Killed Terence
  1236 | D:2      | Reached skill level 5 in Fighting
  1269 | D:2      | Noticed Jessica
  1291 | D:2      | Killed Jessica
  1322 | D:2      | Reached XP level 5. HP: 15/44 MP: 5/5
  1985 | D:3      | Found a faded altar of an unknown god.
  1993 | D:3      | Prayed at the altar of an unknown god.
  1993 | D:3      | Became a worshipper of Sif Muna the Loreminder
  1993 | D:3      | Reached * piety under Sif Muna
  1993 | D:3      | Reached ** piety under Sif Muna
  2101 | D:3      | Found a glowing drain.
  2114 | Sewer    | Entered a sewer
  2137 | Sewer    | Reached *** piety under Sif Muna
  2138 | Sewer    | Reached skill level 6 in Fighting
  2627 | D:3      | Reached skill level 1 in Spellcasting
  2627 | D:3      | Reached XP level 6. HP: 50/52 MP: 5/7
  2752 | D:3      | Found a hide-covered altar of Uskayaw.
  2910 | D:4      | Found Ruitawewn's Antique Weapon Shoppe.
  3235 | D:4      | Found a sacrificial altar of Ru.
  3281 | D:4      | Noticed Edmund
  3377 | D:4      | Found a staircase to the Ecumenical Temple.
  3379 | D:4      | Noticed Duvessa
  3379 | D:4      | Noticed Dowan
  3399 | D:5      | Entered Level 5 of the Dungeon
  3400 | D:5      | Slain by Dowan

Illustrated notes

Levels and vault maps discovered:
D:1:      nzn_arrival_settlement, layout_basic
D:2:      layout_loops_ring, uniq_terence, uniq_natasha, uniq_jessica
D:3:      layout_basic, nicolae_uskayaw_dance_hall,
          cheibrodos_sewer_entry_drain,
          hellmonk_ecumenical_altar_pennies_from_heaven, hex_intersection,
          grunt_ministairs_12
D:4:      layout_basic, mainiacjoe_overflow_cross_hatched, led_sif_pool,
          minmay_temple_entry_crystal_x, serial_shops, nicolae_stop_n_shop_1,
          uniq_duvessa, uniq_edmund
D:5:      layout_loops_ring, nzn_hepliaklqana_mist_gate,
          mainiacjoe_overflow_alcove_1, grunt_decor_cap,
          grunt_decor_mini_mirrors

Skill      XL: |  1  2  3  4  5 |
---------------+----------------+-----
Dodging        | 3 |  3.5
Unarmed Combat | 3 |  3.0
Fighting       | 4 5 6 |  6.2
Spellcasting   | 1 |  1.8

Action                     |  1- 3 |  4- 6 || total
---------------------------+-------+-------++-------
  Melee: Unarmed           |    30 |       ||    30
         Whip              |    35 |   188 ||   223
    Use: Potion            |       |     1 ||     1
 Armour: Robe              |     9 |    25 ||    34
  Dodge: Dodged            |    40 |   121 ||   161

Table legend: (Time is in decaauts)
 A = Elapsed time spent in this place.
 B = Non-inter-level travel time spent in this place.
 C = Inter-level travel time spent in this place.
 D = Time resting spent in this place.
 E = Time spent auto-exploring this place.
 F = Levels seen in this place.
 G = Mean time per level.
                   A        B        C        D        E       F      G
               +--------+--------+--------+--------+--------+-----+--------+
         Total |   3463 |   3387 |     76 |    143 |   2517 |   6 |  577.2 |
       Dungeon |   2997 |   2921 |     76 |    143 |   2194 |   5 |  599.4 |
         Sewer |    465 |    465 |      0 |      0 |    323 |   1 |  465.0 |
               +--------+--------+--------+--------+--------+-----+--------+

Top non-repeatable levels by time:
     D:1: 1008 daAuts
     D:2: 801 daAuts
     D:3: 724 daAuts
   Sewer: 465 daAuts
     D:4: 462 daAuts
     D:5: 0 daAuts
